 Dungeon Crawl Stone Soup version 0.25.1-2-g60ff931df9 (webtiles) character file.

Game seed: 10781122993787346383

13354 Peloso the Blocker (level 11, -7/145 HPs)
             Began as a Minotaur Fighter on Aug 13, 2020.
             Was a High Priest of Okawaru.
             Killed from afar by a fire crab (9 damage)
             ... with a blast of flame
             ... in a Gauntlet.
             The game lasted 00:26:54 (13093 turns).

Peloso the Blocker (Minotaur Fighter)              Turns: 13093, Time: 00:26:55

Health: -7/145     AC: 21    Str: 22    XL:     11   Next: 74%
Magic:  10/10      EV:  7    Int:  5    God:    Okawaru [*****.]
Gold:   276        SH: 18    Dex: 12    Spells: 10/10 levels left

rFire    . . .     SeeInvis .   a - +1 long sword
rCold    . . .     Gourm    .   c - +0 kite shield
rNeg     . . .     Faith    .   y - +0 plate armour
rPois    .         Spirit   .   r - +1 hat
rElec    .         Reflect  +   G - +0 cloak (curse)
rCorr    +         Harm     .   l - +0 pair of gloves
MR       .....     NoTele   +   u - +2 pair of boots
Stlth    ..........             n - amulet of reflection
HPRegen  0.34/turn              D - ring of resist corrosion
MPRegen  0.12/turn              (no ring)

@: berserking, very quick
A: retaliatory headbutt, horns 2
a: Heroism, Finesse, Renounce Religion


You were in a Gauntlet.
You worshipped Okawaru.
Okawaru was extremely pleased with you.
You were near starving.

You visited 2 branches of the dungeon, and saw 13 of its levels.
You also visited: Gauntlet.

You collected 510 gold pieces.
You spent 234 gold pieces at shops.

Inventory:

Hand Weapons
 a - a +1 long sword (weapon)
 b - a +2 whip of flaming
Armour
 c - a +0 kite shield (worn)
 l - a +0 pair of gloves (worn)
 r - a +1 hat (worn)
 u - a +2 pair of boots (worn)
 y - a +0 plate armour (worn)
 G - a cursed +0 cloak (worn)
Jewellery
 n - an amulet of reflection (around neck)
 q - an uncursed ring of protection from cold
 A - an uncursed ring of protection from cold
 D - a ring of resist corrosion (left hand)
Wands
 C - a wand of enslavement (6)
 E - a wand of polymorph (6)
Scrolls
 e - a scroll of identify
 g - 2 scrolls of blinking
 h - a scroll of fear
 i - a scroll of magic mapping
 j - 3 scrolls of remove curse
 k - 4 scrolls of teleportation
 p - a scroll of enchant weapon
 s - a scroll of enchant armour {unknown}
 F - a scroll of amnesia {unknown}
Potions
 d - a potion of might
 o - 4 potions of brilliance
 t - 2 potions of curing
 v - a potion of magic
 x - 2 potions of haste
 z - 3 potions of mutation
 B - 2 potions of flight {unknown}
 H - a potion of ambrosia
Comestibles
 f - 21 rations


   Skills:
 + Level 9.6 Fighting
 + Level 12.8 Long Blades
 + Level 9.2 Armour
 + Level 2.6 Dodging
 + Level 1.2 Stealth
 + Level 13.6 Shields
 + Level 0.7 Invocations


You had 10 spell levels left.
You didn't know any spells.
Your spell library contained the following spells:

 Spells                   Type           Power        Failure   Level  Hunger
 Apportation              Tloc           #.....       100%        1    ##.....
 Summon Butterflies       Summ           #.......     100%        1    ##.....
 Lesser Beckoning         Tloc           #.........   100%        3    ####...
 Tukima's Dance           Hex            #.......     100%        3    ####...
 Alistair's Intoxication  Tmut/Pois      #.......     100%        5    ######.
 Invisibility             Hex            #.......     100%        6    #######


Dungeon Overview and Level Annotations

Branches:
Dungeon (12/15)            Temple (1/1) D:6            Lair (0/6) D:11
    Orc (0/2) D:9         Gauntlet (1/1)

Altars:
Ashenzari
Elyvilon
Fedhas
Hepliaklqana
Kikubaaqudgha
Okawaru
Uskayaw
Xom
The Shining One

Shops:
D:4 !

Annotations:
D:8 Maggie
D:12 exclusion: orange crystal statue Gauntlet 7 transporters, 2 runed translucent doors


Innate Abilities, Weirdness & Mutations

You reflexively headbutt those who attack you in melee.
You have a pair of horns on your head.


Message History

You slash the fire crab!
The fire crab is almost dead.
The fire bat barely misses you. You furiously retaliate!
You headbutt the fire bat.
Unknown command.
You completely miss the fire crab.
The fire crab is almost dead.
You block the fire crab's attack. x2
Unknown command.
You hit the fire crab.
The fire crab is almost dead.
The fire bat completely misses you. You furiously retaliate!
You headbutt the fire bat!
Unknown command.
You hit the fire crab.
The fire crab is almost dead.
You block the fire bat's attack. The fire crab breathes flames at you.
The blast of flame engulfs you!
You die...

## ### ### ##
##≈###≈###≈###≈##
#≈≈≈#≈≈≈#≈≈≈#≈≈≈#
#≈...∩...∩...≈#
##...........##
##≈.....©.....≈##
#≈≈.#########.≈≈#
##≈.#.......#.≈##
##.#.##b@#.#.##
##≈.#.##©t..#.≈##
#≈≈.#...###.#.≈≈#
##≈.#...###.#.≈##
##.#...###.#.##
#≈.#...©!!.#.≈##
#≈≈.#########.≈≈#
##≈.#8..©#....≈##
##.#©...#.8..##


You could see a fire crab and a fire bat.

Vanquished Creatures
  A two-headed ogre (D:10)
  Sonja (D:11)
  Pikel (D:7)
  An ugly thing (D:10)
  A cyclops (D:11)
  A centaur zombie (D:11)
  2 centaur skeletons (D:11)
  A komodo dragon (D:10)
  A tengu conjurer (D:11)
  A hornet (D:10)
  A hippogriff (D:10)
  A wraith (D:10)
  A wyvern (D:11)
  3 fire bats (Gauntlet)
  16 yaks (D:10)
  2 hungry ghosts
  Grum (D:8)
  Menkaure (D:7)
  A soldier ant (D:11)
  2 wargs
  An acid dragon (D:10)
  9 orc warriors
  2 water moccasins
  3 sky beasts
  A phantom (D:10)
  2 slaves (D:7)
  A black bear (D:11)
  An eye of draining (D:11)
  4 ogres
  4 wolves (D:8)
  8 centaurs
  8 bullfrogs
  A wyvern zombie (D:11)
  A scorpion (D:9)
  13 killer bees
  2 crimson imps
  5 hounds
  3 jellies
  13 orc priests
  2 bullfrog zombies
  9 orc wizards
  3 bullfrog skeletons (D:6)
  2 iguanas
  7 worker ants
  2 hound zombies
  A worker ant zombie (D:11)
  4 gnolls (D:9)
  8 adders
  2 shadow imps
  An ooze (D:1)
  3 worms
  5 leopard geckos
  50 orcs
  13 bats
  5 giant cockroaches
  15 goblins
  7 hobgoblins
  6 jackals
  3 quokkas
  9 frilled lizards
  5 kobolds
  A quokka skeleton (D:6)
  2 rats
287 creatures vanquished.

Notes
Turn   | Place    | Note
-------+----------+-------------------------------------------
     0 | D:1      | Peloso the Minotaur Fighter began the quest for the Orb.
     0 | D:1      | Reached XP level 1. HP: 19/19 MP: 0/0
   153 | D:1      | Reached XP level 2. HP: 26/27 MP: 1/1
   503 | D:1      | You fall into a shaft and drop 1 floor!
   509 | D:2      | Reached skill level 4 in Shields
   596 | D:2      | Reached XP level 3. HP: 33/33 MP: 2/2
  1980 | D:3      | Reached XP level 4. HP: 33/40 MP: 3/3
  2733 | D:4      | Found Tidud's Distillery.
  2749 | D:4      | Reached XP level 5. HP: 20/47 MP: 4/4
  2931 | D:4      | Bought a potion of curing for 39 gold pieces
  2931 | D:4      | Bought 2 potions of degeneration for 26 gold pieces
  3086 | D:4      | Reached skill level 5 in Shields
  3122 | D:4      | Reached skill level 5 in Armour
  3479 | D:5      | Entered Level 5 of the Dungeon
  3509 | D:5      | Found a glowing golden altar of the Shining One.
  3621 | D:5      | Reached XP level 6. HP: 51/53 MP: 5/5
  3797 | D:5      | Reached skill level 6 in Shields
  4149 | D:6      | Found a staircase to the Ecumenical Temple.
  4155 | Temple   | Entered the Ecumenical Temple
  4170 | Temple   | Became a worshipper of Warmaster Okawaru
  4258 | D:6      | Noticed a water moccasin
  4270 | D:6      | Killed a water moccasin
  4270 | D:6      | Reached skill level 1 in Dodging
  4486 | D:6      | Reached XP level 7. HP: 60/60 MP: 6/6
  4522 | D:6      | Reached skill level 7 in Shields
  4587 | D:6      | Reached skill level 5 in Long Blades
  4717 | D:5      | Reached * piety under Okawaru
  5000 | D:5      | Reached skill level 5 in Fighting
  5151 | D:5      | Reached skill level 8 in Shields
  5290 | D:6      | Reached XP level 8. HP: 68/68 MP: 7/7
  5406 | D:6      | Found a white marble altar of Elyvilon.
  5683 | D:7      | Reached ** piety under Okawaru
  5965 | D:7      | Noticed Pikel
  5980 | D:7      | Killed Pikel
  6083 | D:7      | Noticed Menkaure
  6088 | D:7      | Killed Menkaure
  6088 | D:7      | Reached skill level 9 in Shields
  6088 | D:7      | Reached XP level 9. HP: 70/75 MP: 8/8
  6765 | D:4      | Bought a potion of mutation for 104 gold pieces
  6765 | D:4      | Bought a potion of heal wounds for 65 gold pieces
  6832 | D:8      | Noticed Maggie
  6833 | D:8      | Noticed Grum
  7080 | D:8      | Killed Grum
  7080 | D:8      | Reached *** piety under Okawaru
  7569 | D:9      | Reached skill level 10 in Shields
  7901 | D:9      | Found a staircase to the Orcish Mines.
  8177 | D:9      | Reached **** piety under Okawaru
  8177 | D:9      | Reached skill level 10 in Long Blades
  8249 | D:9      | Reached XP level 10. HP: 54/86 MP: 9/9
  9031 | D:10     | Entered Level 10 of the Dungeon
  9098 | D:10     | Noticed a two-headed ogre
  9111 | D:10     | Killed a two-headed ogre
  9111 | D:10     | Reached skill level 11 in Shields
  9410 | D:10     | Reached ***** piety under Okawaru
  9703 | D:10     | Reached skill level 12 in Shields
  9885 | D:11     | Found a staircase to the Lair.
  9902 | D:11     | Noticed Sonja
 10454 | D:11     | Killed Sonja
 10454 | D:11     | Received a gift from Okawaru
 10578 | D:11     | Reached XP level 11. HP: 91/95 MP: 10/10
 11102 | D:11     | Noticed a white ugly thing
 11150 | D:10     | Reached skill level 1 in Stealth
 11480 | D:10     | Killed a white ugly thing
 11794 | D:10     | Reached skill level 13 in Shields
 12106 | D:10     | Received a gift from Okawaru
 12571 | D:11     | Found a blossoming altar of Fedhas.
 12930 | D:12     | Noticed an orange crystal statue
 12976 | D:12     | Found a gate leading to a gauntlet.
 12983 | Gauntlet | Entered a Gauntlet
 12983 | Gauntlet | Found a transporter.
 12984 | Gauntlet | Noticed a fire crab
 12991 | Gauntlet | Found a transporter.
 12992 | Gauntlet | Found a transporter.
 12995 | Gauntlet | Found a runed translucent door.
 12995 | Gauntlet | Found a runed translucent door.
 12996 | Gauntlet | Found a transporter.
 12998 | Gauntlet | Noticed a tengu warrior
 13001 | Gauntlet | Found a transporter.
 13005 | Gauntlet | Found a transporter.
 13014 | Gauntlet | Found a transporter.
 13017 | Gauntlet | Found a transporter.
 13021 | Gauntlet | Noticed a dire elephant
 13088 | Gauntlet | HP: 1/145 [fire crab] (7)]
 13093 | Gauntlet | Killed from afar by a fire crab

Illustrated notes

Levels and vault maps discovered:
D:1:      matt_arrival_refuge, layout_basic
D:2:      kennysheep_the_goblin_king, layout_basic, kennysheep_generic_room_12
D:3:      layout_loops_ring
D:4:      layout_loops_cross, serial_shops, shop
D:5:      layout_basic, first_ration, grunt_ministairs_15, tso_metal_star
D:6:      layout_loops_ring, lemuel_round_altar, minmay_temple_entry_hall
D:7:      layout_basic, uniq_menkaure, uniq_pikel
D:8:      layout_basic, uniq_grum, uniq_maggie
D:9:      layout_roguey, david_orc_4
D:10:     layout_roguey
D:11:     layout_cave_pools, erik_lair_orcish_takeover, basic_altar,
          grunt_tengu_nest, minmay_misc_feat_more_columns, uniq_sonja
D:12:     layout_grid_maze, portal_ice_cave_entry_imps, gauntlet_entry_generic,
          minivault_15
Temple:   nicolae_temple_the_god_donut
Gauntlet: gammafunk_gauntlet_77_escape_option
          [minmay_gauntlet_arena_77_block_sizes,
          minmay_gauntlet_arena_77_shame_cube,
          minmay_gauntlet_arena_77_checkered, minmay_gauntlet_arena_77_path,
          minmay_gauntlet_arena_77_tiled_triplets, gauntlet_exit_spiral]

Skill      XL: |  1  2  3  4  5  6  7  8  9 10 11 |
---------------+----------------------------------+-----
Fighting       | 4 5 7 8 9 |  9.6
Armour         | 4 5 6 7 8 9 |  9.2
Shields        | 4 5 6 8 9 10 12 13 | 13.6
Long Blades    | 3 4 6 8 10 11 12 | 12.8
Dodging        | 1 2 |  2.6
Stealth        | 1 |  1.2
Invocations    | |  0.7

Action                   |  1- 3 |  4- 6 |  7- 9 | 10-12 || total
-------------------------+-------+-------+-------+-------++-------
Melee: Long sword        |   107 |   161 |   412 |   568 ||  1248
       Headbutt          |    20 |    24 |    79 |   144 ||   267
Invok: Heroism           |       |       |     3 |    12 ||    15
  Use: Potion            |     2 |       |     1 |     4 ||     7
       Scroll            |       |     7 |     1 |     4 ||    12
  Eat: Chunk             |     3 |     8 |    14 |    16 ||    41
Armor: Scale mail        |    24 |       |       |       ||    24
       Chain mail        |     5 |    76 |    22 |       ||   103
       Plate armour      |       |       |   136 |   322 ||   458
Dodge: Dodged            |    29 |    35 |    59 |   147 ||   270
Block: Kite shield       |    71 |   151 |   343 |   617 ||  1182
       Reflection        |       |     2 |     4 |    27 ||    33
       Rpst.: Long sword |     6 |    11 |    15 |    31 ||    63
